 Dungeon Crawl Stone Soup version 0.28-a0-1206-g193881aaa2 (webtiles) character file.

Game seed: 14449335932725838219

74 oldriver the Chopper (level 4, -3/61 HPs)
             Began as a Minotaur Berserker on Dec 21, 2021.
             Was a Believer of Trog.
             Slain by an orc (4 damage)
             ... on level 3 of the Dungeon.
             The game lasted 00:03:43 (1783 turns).

oldriver the Chopper (Minotaur Berserker)           Turns: 1783, Time: 00:03:44

Health: -3/61      AC:  2    Str: 22    XL:     4   Next: 10%
Magic:  3/3        EV: 12    Int:  4    God:    Trog [**....]
Gold:   92         SH:  0    Dex: 11    Spells: 3/3 levels left

rFire   . . .      SeeInvis .   a - +0 hand axe
rCold   . . .      Faith    .   (no shield)
rNeg    . . .      Spirit   .   b - +0 animal skin
rPois   .          Reflect  .   (helmet restricted)
rElec   .          Harm     .   (no cloak)
rCorr   .          Rampage  .   (no gloves)
Will    .....                   (no boots)
Stlth   ..........              (no amulet)
HPRegen 0.20/turn               (no ring)
MPRegen 0.08/turn               (no ring)

@: berserking, very quick
A: horns 2, retaliatory headbutt
a: Renounce Religion, Berserk, Trog's Hand


You were on level 3 of the Dungeon.
You worshipped Trog.
Trog was pleased with you.
You visited 1 branch of the dungeon, and saw 3 of its levels.

You collected 92 gold pieces.

Inventory:

Hand Weapons
 a - a +0 hand axe (weapon)
Armour
 b - a +0 animal skin (worn)
Jewellery
 e - an amulet of the acrobat
Scrolls
 c - 2 scrolls of identify {unknown}
 f - a scroll of enchant weapon {unknown}
 g - a scroll of noise {unknown}
 i - a scroll of teleportation {unknown}
 j - a scroll of torment {unknown}
Potions
 d - a potion of brilliance {unknown}
 h - a potion of resistance {unknown}


   Skills:
 * Level 4.3 Fighting
 * Level 5.0 Axes
 + Level 2.6 Armour
 + Level 2.8 Dodging


You had 3 spell levels left.
You didn't know any spells.
Your spell library was empty.

Dungeon Overview and Level Annotations

Branches:
Dungeon (3/15)

Altars:


Innate Abilities, Weirdness & Mutations

You have a pair of horns on your head.
You reflexively headbutt those who attack you in melee.


Message History

An orc is nearby!
An orc is nearby!
An orc is nearby!
An orc wizard comes into view. It is wielding a +0 dagger.
The orc shouts!
An orc comes into view. It is wielding a +0 falchion.
You barely miss the orc. Your headbutt misses the orc.
The orc hits you with a +0 club.
The orc wizard casts a spell.
The orc wizard flickers and vanishes!
Deactivating autopickup; reactivate with Ctrl-A.
You barely miss the orc. The orc hits you with a +0 club.
You hit the orc.
The orc is almost dead.
You slash the orc!
You kill the orc!
Trog accepts your kill.
Your Axes skill increases to level 5!
You hit something. Something hits you.
You hit something. Something hits you.
You closely miss the orc. You headbutt the orc, but do no damage.
You miss something. Something hits you. The orc hits you with a +0 falchion.
You barely miss the orc. You miss something. Something completely misses you.
The orc hits you with a +0 falchion!
* * * LOW HITPOINT WARNING * * *
You closely miss the orc. You headbutt the orc.
The orc is heavily wounded.
You miss something. Something hits you.
* * * LOW HITPOINT WARNING * * *
The orc hits you with a +0 falchion.
* * * LOW HITPOINT WARNING * * *
Something hits you.
* * * LOW HITPOINT WARNING * * *
A red film seems to cover your vision as you go berserk!
You feel yourself moving faster!
You feel mighty! The orc barely misses you. Something hits you.
* * * LOW HITPOINT WARNING * * *
You barely miss something. Your headbutt misses something.
You barely miss the orc. The orc hits you with a +0 falchion.
You die...

################### #
..................## #.
##.#.#..##.##.##...#
##.###.#.#..##.#...#.# #
........#.......@o_...#
........###..#..#)..#.#
..#.##..###..#..##.##.# ..
..#.....)..........#
..##.#.##########.........
.....#.# ####......
.......# ##.... ##†..###
.... ##.## ...


You could see an orc.

Vanquished Creatures
  2 adders (D:2)
  3 worms (D:2)
  2 dart slugs
  An orc (D:3)
  5 bats
  6 endoplasms
  A giant cockroach (D:3)
  5 goblins
  3 hobgoblins
  3 jackals (D:1)
  A quokka (D:1)
  3 ball pythons
  2 kobolds (D:1)
  3 rats
40 creatures vanquished.

Notes
Turn   | Place    | Note
-------+----------+-------------------------------------------
     0 | D:1      | oldriver the Minotaur Berserker began the quest for the
                  | Orb.
     0 | D:1      | Reached XP level 1. HP: 19/19 MP: 0/0
    27 | D:1      | Reached skill level 4 in Axes
   190 | D:1      | Reached XP level 2. HP: 27/27 MP: 1/1
   660 | D:2      | Reached XP level 3. HP: 23/33 MP: 2/2
   798 | D:2      | Reached ** piety under Trog
  1723 | D:3      | Reached XP level 4. HP: 41/41 MP: 3/3
  1746 | D:3      | Found a faded altar of an unknown god.
  1777 | D:3      | Reached skill level 5 in Axes
  1782 | D:3      | HP: 1/61 [something (3)]
  1783 | D:3      | Slain by an orc

Illustrated notes

Levels and vault maps discovered:
D:1:      minmay_arrival_open_corners, layout_rooms
D:2:      layout_loops_cross
D:3:      layout_loops_cross, ebering_ecumenical_altar_box, minmay_quantized

Skill      XL: |  1  2  3  4 |
---------------+-------------+-----
Axes           | 4 5 |  5.0
Fighting       | 4 |  4.3
Armour         | |  2.6
Dodging        | |  2.8

Action                   |  1- 3 |  4- 6 || total
-------------------------+-------+-------++-------
Melee: Hand axe          |    66 |    18 ||    84
       Headbutt          |    15 |     4 ||    19
Invok: Berserk           |       |     1 ||     1
Armor: Animal skin       |     7 |       ||     7
Dodge: Dodged            |    46 |     4 ||    50

Table legend: (Time is in decaauts)
 A = Elapsed time spent in this place.
 B = Non-inter-level travel time spent in this place.
 C = Inter-level travel time spent in this place.
 D = Time resting spent in this place.
 E = Time spent auto-exploring this place.
 F = Levels seen in this place.
 G = Mean time per level.
                   A        B        C        D        E       F      G
               +--------+--------+--------+--------+--------+-----+--------+
         Total |   1789 |   1767 |     22 |    388 |   1134 |   3 |  596.3 |
       Dungeon |   1789 |   1767 |     22 |    388 |   1134 |   3 |  596.3 |
               +--------+--------+--------+--------+--------+-----+--------+

Top non-repeatable levels by time:
     D:2: 1116 daAuts
     D:1: 606 daAuts
     D:3: 66 daAuts
